 Dungeon Crawl Stone Soup version 0.32-a0-814-g0968bab981 (webtiles) character file.

Game seed: 13173456456538628646

288 wilfster70 the Trooper (level 6, 40/40 HPs)
             Began as a Gargoyle Fighter on Mar 22, 2024.
             Was an Initiate of Okawaru.
             Quit the game on level 4 of the Dungeon.
             The game lasted 00:06:12 (2998 turns).

wilfster70 the Trooper (Gargoyle Fighter)           Turns: 2998, Time: 00:06:12

Health: 40/40      AC: 12    Str: 19    XL:     6   Next: 31%
Magic:  6/6        EV:  7    Int: 11    God:    Okawaru [......]
Gold:   250        SH:  7    Dex:  9    Spells: 5/5 levels left

rFire   . . .        a - +0 war axe
rCold   . . .        o - +0 kite shield
rNeg    + . .        b - +0 scale mail
rPois   ∞            (no helmet)
rElec   +            (no cloak)
rCorr   .            (no gloves)
SInv    .            i - +0 pair of boots
Will    .....        t - amulet of magic regeneration Stlth
                     (no ring)
HPRegen 0.26/turn    (no ring)
MPRegen 0.50/turn

%: no passive effects
@: fire susceptible
A: sickness immunity, AC +4, negative energy resistance 1, electricity
resistance, torment resistance 1, petrification resistance
a: Renounce Religion


You were on level 4 of the Dungeon.
You worshipped Okawaru.
Okawaru was noncommittal.
You visited 1 branch of the dungeon, and saw 4 of its levels.

You collected 250 gold pieces.

Inventory:

Hand Weapons
 a - a +0 war axe (weapon)
Armour
 b - a +0 scale mail (worn)
 i - a +0 pair of boots (worn)
 o - a +0 kite shield (worn)
Jewellery
 h - a ring of ice
 t - an amulet of magic regeneration (around neck)
Scrolls
 f - a scroll of summoning {unknown}
 g - 2 scrolls of teleportation
 j - 2 scrolls of amnesia {unknown}
 l - a scroll of vulnerability {unknown}
 m - a scroll of enchant weapon {unknown}
 q - a scroll of revelation {unknown}
 r - a scroll of identify
Potions
 c - a potion of resistance {unknown}
 d - 3 potions of might
 e - 2 potions of mutation {unknown}
 k - 3 potions of invisibility
 n - 2 potions of curing
 p - a potion of berserk rage {unknown}
 s - 2 potions of brilliance {unknown}


   Skills:
 + Level 5.1 Fighting
 * Level 4.9 Axes
 - Level 3.2 Armour
 - Level 3.2 Shields


You had 5 spell levels left.
You didn't know any spells.
Your spell library contained the following spells:

 Spells                   Type           Power      Damage    Failure   Level
 Static Discharge         Conj/Air       0%         3-3/arc   99%         2
 Airstrike                Air            0%         2d(0-16)  100%        4
 Dimensional Bullseye     Hex/Tloc       0%         N/A       100%        4
 Iskenderun's Mystic Bla  Conj/Tloc      0%         2d3       100%        4
 Tukima's Dance           Hex            Unusable   N/A       N/A         3
 Summon Lightning Spire   Summ/Air       Unusable   N/A       N/A         4

Dungeon Overview and Level Annotations

Branches:
Dungeon (4/15)
 Temple: D:4-7

Altars:
Ashenzari
Kikubaaqudgha
Okawaru
Yredelemnul
Ignis

Annotations:
D:4 3 runed translucent doors, mmarios's ghost, amateur DECj


Innate Abilities, Weirdness & Mutations

You are immune to sickness and miasma.
Your stone body is resilient. (AC +4)
You are immune to poison.
You resist negative energy. (rN+)
You are resistant to electric shocks. (rElec)
You are resistant to unholy torment.
You are immune to petrification.


Message History

You barely miss the goblin. You closely miss the kobold.
The kobold hits you but does no damage. You block the goblin's attack.
The hobgoblin splashes around in the water.
You barely miss the hobgoblin.
The hobgoblin is heavily wounded.
You slash the goblin!
You kill the goblin!
You slash the kobold!
You kill the kobold!
You hear a splash.
The hobgoblin hits you.
The kobold throws a stone.
You block the stone.
You hit the hobgoblin.
The hobgoblin is almost dead.
You block the hobgoblin's attack. x2
You hit the hobgoblin.
You kill the hobgoblin!
You hear a splash.
You barely miss the kobold. The kobold closely misses you.
The kobold hits you but does no damage.
You see here 5 stones.
The kobold splashes around in the water.
You slash the kobold!
You kill the kobold!
You hear a splash.
You enter the shallow water.
Moving in this stuff is going to be slow.
Things that are here:
10 stones; a kobold corpse; a hobgoblin corpse
There is an open door here.
There is an open door here.
You see here 5 stones.
There is an iron altar of Okawaru here.
You kneel at the altar of Okawaru.
You have lost your religion!
Ignis blazes with a vengeful fury!
Ignis burns away your resistance to fire.
Okawaru welcomes you!
You see here 5 stones.
There is an open door here.
Are you sure you want to abandon this character and quit the game? (Confirm with "yes".)

....# #.#
#....##............ ###.#
#.# #.......##.########
#.# #.# ##...#####.# ###.#
#.# ##.## #.# ....#
#.#######.# #.#
#########........#########
.<.......#########.#.#.##
#######<..####...#≈(~~~~##
#........#@'.(...._#
#...########((~~~~## #####
##.#.#.# #######


There were no monsters in sight!

Vanquished Creatures
  An ogre (D:3)
  A scorpion (D:4)
  2 adders
  3 gnolls (D:3)
  4 dart slugs
  A ribbon worm (D:2)
  An orc (D:3)
  6 ball pythons
  5 bats
  5 endoplasms
  5 giant cockroaches
  7 goblins
  10 hobgoblins
  3 jackals (D:3)
  5 quokkas
  2 frilled lizards
  9 kobolds
  5 rats
75 creatures vanquished.

Vanquished Creatures (others)
  13 foxfires (D:3)
13 creatures vanquished.

Grand Total: 88 creatures vanquished

Notes
Turn   | Place    | Note
-------+----------+-------------------------------------------
     0 | D:1      | wilfster70 the Gargoyle Fighter began the quest for the
                  | Orb.
     0 | D:1      | Reached XP level 1. HP: 14/14 MP: 1/1
    90 | D:1      | Reached XP level 2. HP: 19/19 MP: 2/2
   569 | D:1      | Reached XP level 3. HP: 24/24 MP: 3/3
   993 | D:2      | Reached skill level 4 in Fighting
  1175 | D:2      | Reached XP level 4. HP: 25/29 MP: 4/4
  1512 | D:2      | Found a faded altar of an unknown god.
  1525 | D:2      | Prayed at the altar of an unknown god.
  1525 | D:2      | Became a worshipper of Ignis, the Dying Flame
  2002 | D:3      | Found an ancient bone altar of Kikubaaqudgha.
  2113 | D:3      | Noticed an ogre
  2119 | D:3      | Killed an ogre
  2120 | D:3      | Reached XP level 5. HP: 34/34 MP: 5/5
  2694 | D:4      | Found a basalt altar of Yredelemnul.
  2792 | D:4      | Found a broken altar of Ashenzari.
  2861 | D:4      | Noticed mmarios's ghost (amateur DECj)
  2889 | D:4      | Found a runed translucent gate.
  2890 | D:4      | Found a runed translucent gate.
  2891 | D:4      | Found a runed translucent gate.
  2904 | D:4      | Reached skill level 5 in Fighting
  2904 | D:4      | Reached XP level 6. HP: 39/40 MP: 6/6
  2961 | D:4      | Found an iron altar of Okawaru.
  2989 | D:4      | Fell from the grace of Ignis
  2989 | D:4      | Became a worshipper of Warmaster Okawaru
  2998 | D:4      | Quit the game

Illustrated notes

Levels and vault maps discovered:
D:1:      dpeg_arrival_round_c, layout_loops_corners, st_stairs_4,
          grunt_decor_cap
D:2:      layout_basic, chequers_ecumenical_altar_simple_redux
D:3:      layout_basic, kiku_gazebo_garden_becter, serial_bayou_pond_a,
          minmay_fractal_squares_gapless_5
D:4:      layout_loops_ring, old_standard_altar, okawaru_altar_gauntlet_db,
          mainiacjoe_overflow_catch_the_wave, ashenzari_altar_1,
          gammafunk_ghost_split

Skill      XL: |  1  2  3  4  5 |
---------------+----------------+-----
Axes           | 2 3 4 |  4.9
Fighting       | 4 5 |  5.1
Armour         | |  3.2
Shields        | |  3.2

Action                     |  1- 3 |  4- 6 || total
---------------------------+-------+-------++-------
  Melee: War axe           |    84 |    85 ||   169
 Invoke: Foxfire Swarm     |       |     1 ||     1
    Use: Scroll            |     3 |       ||     3
 Armour: Scale mail        |    67 |    61 ||   128
  Dodge: Dodged            |    44 |    20 ||    64
  Block: Buckler           |    15 |     2 ||    17
         Kite shield       |       |    41 ||    41

Table legend: (Time is in decaauts)
 A = Elapsed time spent in this place.
 B = Non-inter-level travel time spent in this place.
 C = Inter-level travel time spent in this place.
 D = Time resting spent in this place.
 E = Time spent auto-exploring this place.
 F = Levels seen in this place.
 G = Mean time per level.
                   A        B        C        D        E       F      G
               +--------+--------+--------+--------+--------+-----+--------+
         Total |   3065 |   2988 |     77 |      0 |   1820 |   4 |  766.2 |
       Dungeon |   3065 |   2988 |     77 |      0 |   1820 |   4 |  766.2 |
               +--------+--------+--------+--------+--------+-----+--------+

Top non-repeatable levels by time:
     D:2: 993 daAuts
     D:3: 921 daAuts
     D:1: 812 daAuts
     D:4: 338 daAuts
